 Dungeon Crawl Stone Soup version 0.22-a0-439-gac93bac (webtiles) character file.

8873 Ijustatesigmund the Fighter (level 11, -2/126 HPs)
             Began as an Ogre Artificer on May 29, 2018.
             Was an Elder of the Shining One.
             Slain by Snorg (30 damage)
             ... on level 10 of the Dungeon.
             The game lasted 00:34:05 (13716 turns).

Ijustatesigmund the Fighter (Ogre Artificer)       Turns: 13716, Time: 00:34:06

Health: -2/126     AC:  6    Str: 18    XL:     11   Next: 37%
Magic:  12/15      EV: 17    Int: 12    God:    the Shining One [****..]
Gold:   619        SH:  8    Dex: 19    Spells: 10/10 levels left

rFire    + . .     SeeInvis .   a - +1 flail (holy)
rCold    . . .     Gourm    .   (no shield)
rNeg     + + +     Faith    .   b - +1 robe {rN+}
rPois    .         Spirit   .   (helmet restricted)
rElec    .         Reflect  .   (no cloak)
rCorr    +         Harm     .   (gloves unavailable)
MR       +....                  (boots unavailable)
Stlth    +.........             (no amulet)
HPRegen  0.31/turn              g - ring of protection from fire
MPRegen  0.14/turn              v - ring of resist corrosion

@: agile, divine shield, glowing
A: large, unfitting armour, horns 1, molten scales 1, agile 1, tough skin 1
a: Divine Shield, Cleansing Flame, Renounce Religion


You were on level 10 of the Dungeon.
You worshipped the Shining One.
The Shining One was greatly pleased with you.
You were not hungry.

You visited 2 branches of the dungeon, and saw 11 of its levels.
You also visited: Ossuary.

You collected 619 gold pieces.

Inventory:

Hand Weapons
 a - a +1 flail of holy wrath (weapon)
Armour
 b - a +1 robe of positive energy (worn)
Jewellery
 g - a ring of protection from fire (left hand)
 h - an uncursed ring of fire
 v - a ring of resist corrosion (right hand)
Wands
 c - a wand of flame (22)
 d - a wand of enslavement (5)
 i - a wand of acid (3)
 w - a wand of polymorph (20)
 x - a wand of paralysis (17)
Scrolls
 j - 2 scrolls of amnesia
 m - a scroll of identify
 s - 2 scrolls of teleportation
 A - 2 scrolls of remove curse
Potions
 k - 2 potions of magic
 l - a potion of haste
 n - 3 potions of curing
 o - 2 potions of resistance
 p - 5 potions of flight
 q - 3 potions of lignification
 r - 2 potions of mutation
 t - 2 potions of might
 u - a potion of cancellation
 z - a potion of ambrosia
 B - a potion of heal wounds
Comestibles
 f - 12 rations
 C - 3 chunks of flesh


   Skills:
 + Level 12.9 Fighting
   Level 0.8 Short Blades
 + Level 9.3 Maces & Flails
 + Level 6.8 Throwing
 - Level 4.0 Dodging
 - Level 0.6 Stealth
 + Level 6.1 Invocations
 - Level 2.4 Evocations


You had 10 spell levels left.
You didn't know any spells.
Your spell library contained the following spells:

 Spells                   Type           Power        Failure   Level  Hunger
 Confuse                  Hex            #.......     69%         3    ####...
 Confusing Touch          Hex            #.....       32%         1    ##.....
 Metabolic Englaciation   Hex/Ice        #.........   100%        5    ######.
 Petrify                  Tmut/Erth      #.......     97%         4    #####..
 Gell's Gravitas          Tloc           #.........   69%         3    ####...
 Yara's Violent Unravell  Hex/Tmut       #.........   100%        5    ######.


Dungeon Overview and Level Annotations

Branches:
Dungeon (10/15)            Temple (1/1) D:7
   Lair: D:8-11         Orc: D:9-12

Altars:
Ashenzari
Cheibriados
Dithmenos
Elyvilon
Fedhas
Gozag
Hepliaklqana
Kikubaaqudgha
Makhleb
Nemelex Xobeh
Okawaru
Qazlal
Ru
Sif Muna
Trog
Uskayaw
Vehumet
Wu Jian
Xom
Yredelemnul
Zin
The Shining One

Shops:
D:5 =   D:10 [

Annotations:
D:10 Snorg


Innate Abilities, Weirdness & Mutations

You are too large for most types of armour.
You have tough skin. (AC +1)
You have a pair of small horns on your head.
You are partially covered in molten scales. (AC +2)
You are agile. (Dex +2)


Message History

The acid corrodes Snorg!
Snorg is severely wounded.
The bolt of acid hits the crocodile.
The crocodile is splashed with acid.
The acid corrodes the crocodile!
The crocodile is heavily wounded.
Snorg completely misses you. You block Snorg's attack. Snorg claws you!
Evoke which item? (* to show all) (? for menu, Esc to quit)
Aiming: Corrosive Bolt
Press: ? - help, Shift-Dir - straight line, f/p - Snorg
Aim: Snorg (severely wounded, berserk, fast, unusually strong, covered in acid, haloed)
The bolt of acid hits Snorg.
Snorg is splashed with acid.
The acid corrodes Snorg!
Snorg is severely wounded.
The bolt of acid hits the crocodile.
The crocodile is splashed with acid.
The acid corrodes the crocodile!
You kill the crocodile!
You block Snorg's attack. Snorg claws you but does no damage. Snorg claws you!
* * * LOW HITPOINT WARNING * * *
Snorg bites you!!
You die...

## #########################.
#.........................
#.########################
#.# #<........##....... #.#
#######....#.#####.
####.##### #...#....# #.
#........######.#.##.#######.
+...........@T...(...(.......
#.........#####...##.......#.
#.........## ###.######.#.##
#...........####
#........#.##
#...#........†.#
###..###.#.#.
#...###...#..#.#
###....)<.<#. #...
#...##.#.###.....#..###.
#...##.#(..#.#........#.
.....##.###.#.###.##.#.#.


You could see Snorg (berserk).

Vanquished Creatures
  Erolcha (D:9)
  An unseen horror (D:9)
  Pikel (D:5)
  Joseph (D:9)
  3 hippogriffs
  A spriggan (D:7)
  Eustachio (D:6)
  4 yaks (D:8)
  A basilisk (D:10)
  Grum (D:9)
  A steam dragon (D:9)
  Menkaure (D:7)
  Edmund (D:5)
  A water moccasin (D:8)
  The ghost of TheNamelessOne the Firebug, an amateur TeFE (D:4)
  2 porcupines (D:10)
  A phantom (D:9)
  2 orc warriors
  2 black bears
  6 wolves
  3 necrophages
  4 ogres
  3 centaurs (D:9)
  A crocodile (D:10)
  5 bullfrogs
  3 water moccasin zombies (Ossuary)
  A spriggan skeleton (D:9)
  A troll skeleton (D:9)
  A killer bee (D:9)
  4 wights
  3 crimson imps
  2 bullfrog zombies
  A quasit (D:6)
  4 hounds
  5 orc priests
  4 jellies
  6 centaur skeletons
  4 iguanas
  6 orc wizards
  4 worker ants
  A killer bee zombie (D:7)
  2 big kobold zombies (Ossuary)
  2 mummies
  A worker ant zombie (D:7)
  A howler monkey skeleton (D:5)
  14 adders
  4 oozes
  8 adder zombies (Ossuary)
  An adder skeleton (D:9)
  A worm (D:2)
  A dart slug (D:2)
  3 leopard geckos
  28 orcs
  2 ball pythons
  5 bats
  A giant cockroach (D:1)
  4 goblins
  9 hobgoblins
  10 jackals
  3 quokkas
  2 frilled lizards
  A gnoll zombie (Ossuary)
  4 hobgoblin zombies (Ossuary)
  A jackal skeleton (D:8)
  7 kobolds
  6 kobold zombies (Ossuary)
  10 orc zombies (Ossuary)
  2 quokka zombies
  9 rats
241 creatures vanquished.

Vanquished Creatures (collateral kills)
  A bullfrog (D:9)
  An adder (D:4)
  A ball python (D:1)
3 creatures vanquished.

Vanquished Creatures (others)
  A slave (D:5)
  A sky beast (D:5)
  Ijyb (D:5)
  A mummy (Ossuary)
  An orc (D:9)
  A hobgoblin (D:1)
  A jackal (D:2)
  A plant (D:10)
8 creatures vanquished.

Grand Total: 252 creatures vanquished

Notes
Turn   | Place    | Note
-------+----------+-------------------------------------------
     0 | D:1      | Ijustatesigmund the Ogre Artificer began the quest for the Orb.
     0 | D:1      | Reached XP level 1. HP: 19/19 MP: 2/2
    34 | D:1      | Reached skill level 2 in Fighting
   258 | D:1      | Reached XP level 2. HP: 29/29 MP: 3/3
   665 | D:1      | Reached skill level 3 in Fighting
   669 | D:1      | Reached skill level 1 in Maces & Flails
   968 | D:1      | Reached XP level 3. HP: 27/37 MP: 4/4
  1882 | D:2      | Reached skill level 4 in Fighting
  1882 | D:2      | Reached XP level 4. HP: 20/48 MP: 5/5
  2120 | D:2      | Gained mutation: You occasionally shout uncontrollably at your foes. [potion of mutation]
  2120 | D:2      | Gained mutation: You are partially covered in large bone plates. (SH +4) [potion of mutation]
  2120 | D:2      | Gained mutation: Your mind is acute. (Int +2) [potion of mutation]
  2679 | D:2      | Found a snail-covered altar of Cheibriados.
  3203 | D:3      | Reached XP level 5. HP: 38/55 MP: 6/6
  4065 | D:4      | Reached skill level 5 in Fighting
  4390 | D:4      | Noticed TheNamelessOne's ghost (amateur TeFE)
  4507 | D:4      | Killed TheNamelessOne's ghost
  4507 | D:4      | Reached XP level 6. HP: 67/67 MP: 7/7
  4779 | D:5      | Entered Level 5 of the Dungeon
  4789 | D:4      | Reached skill level 6 in Fighting
  4989 | D:5      | Lost mutation: You occasionally shout uncontrollably at your foes. [potion of mutation]
  4989 | D:5      | Lost mutation: You are partially covered in large bone plates. (SH +4) [potion of mutation]
  4989 | D:5      | Lost mutation: Your mind is acute. (Int +2) [potion of mutation]
  4989 | D:5      | Gained mutation: You have a pair of small horns on your head. [potion of mutation]
  4989 | D:5      | Gained mutation: You are agile. (Dex +2) [potion of mutation]
  4989 | D:5      | Gained mutation: You are partially covered in molten scales. (AC +2) [potion of mutation]
  5215 | D:5      | Noticed Ijyb
  5216 | D:5      | Noticed a slave
  5217 | D:5      | Noticed a slave
  5218 | D:5      | Noticed Pikel
  5219 | D:5      | Noticed a slave
  5220 | D:5      | Noticed a slave
  5647 | D:5      | Found Igylas's Jewellery Emporium.
  5698 | D:5      | Your ally died
  5972 | D:5      | Noticed a sky beast
  5984 | D:5      | Killed Pikel
  5984 | D:5      | Reached skill level 8 in Fighting
  5984 | D:5      | Reached skill level 5 in Maces & Flails
  5984 | D:5      | Reached XP level 7. HP: 29/80 MP: 8/8
  6337 | D:5      | Noticed Edmund
  6350 | D:5      | Killed Edmund
  6350 | D:5      | Reached XP level 8. HP: 77/89 MP: 9/9
  6606 | D:6      | Found a basalt altar of Yredelemnul.
  6896 | D:6      | Noticed Eustachio
  6909 | D:6      | Killed Eustachio
  7016 | D:6      | Reached skill level 9 in Fighting
  7529 | D:7      | Noticed Menkaure
  7995 | D:7      | Killed Menkaure
  7995 | D:7      | Reached XP level 9. HP: 101/101 MP: 10/10
  8102 | D:7      | Found a staircase to the Ecumenical Temple.
  8107 | Temple   | Entered the Ecumenical Temple
  8204 | Temple   | Became a worshipper of the Shining One
  8395 | D:7      | Reached skill level 10 in Fighting
  8398 | D:7      | Reached skill level 1 in Throwing
  8540 | D:7      | Found a sparkling altar of Nemelex Xobeh.
  8592 | D:7      | Found a sparkling altar of Nemelex Xobeh.
  8787 | D:8      | Found a shattered altar of Ashenzari.
  9158 | D:8      | Reached * piety under the Shining One
  9207 | D:8      | Found a sand-covered staircase.
  9213 | Ossuary  | Entered an ossuary
  9353 | Ossuary  | Reached skill level 11 in Fighting
  9360 | Ossuary  | Reached ** piety under the Shining One
  9554 | Ossuary  | Reached *** piety under the Shining One
  9682 | Ossuary  | Reached skill level 1 in Invocations
  9962 | D:8      | Reached XP level 10. HP: 69/112 MP: 11/11
 10788 | D:9      | Noticed Erolcha
 10797 | D:9      | Killed Erolcha
 10797 | D:9      | Reached skill level 5 in Throwing
 10886 | D:9      | Reached skill level 12 in Fighting
 10905 | D:9      | Noticed Joseph
 11201 | D:9      | Killed Joseph
 11474 | D:9      | Noticed Grum
 11580 | D:8      | Reached **** piety under the Shining One
 11809 | D:9      | Reached skill level 5 in Invocations
 11994 | D:9      | Reached XP level 11. HP: 66/124 MP: 11/14
 11999 | D:9      | Killed Grum
 12467 | D:9      | Noticed an unseen horror
 12484 | D:9      | Killed an unseen horror
 12923 | D:10     | Entered Level 10 of the Dungeon
 12989 | D:10     | Noticed Snorg
 13505 | D:10     | Found a bloodstained altar of Trog.
 13647 | D:10     | Found Jetok's Armour Shoppe.
 13716 | D:10     | Slain by Snorg

Vault maps used:
D:1:      mainiacjoe_arrival_reflecting_pool
D:2:      minmay_door_path, cheibriados_altar_1, first_ration
D:4:      serial_bayou, serial_bayou_crossing, serial_bayou_ford_a,
          serial_bayou_shore_a, serial_bayou_shore_b
D:5:      serial_shops, shop, uniq_ijyb, uniq_edmund, uniq_pikel
D:6:      basic_altar, uniq_eustachio
D:7:      temple_doors_e, basic_altar, the_bakery, nemelex_diamond_rough_becter,
          uniq_menkaure
D:8:      gup_ossuary_entry_pyramid, basic_altar
D:9:      serial_glass, glass_columns_b, glass_columns_c,
          hangedman_tell_no_tales, uniq_joseph, uniq_erolcha, uniq_grum
D:10:     minmay_lair_entry_grove, serial_shops, nicolae_shop_window_shopping,
          kennysheep_mini_moat, shop, kennysheep_little_box, shop, bloody_trog,
          uniq_psyche, uniq_harold, uniq_snorg
Temple:   kilobyte_greek_temple
Ossuary:  ossuary_tomb_2

Skill      XL: |  1  2  3  4  5  6  7  8  9 10 11 |
---------------+----------------------------------+-----
Fighting       | 2 3 4 5 8 9 11 12 | 12.9
Maces & Flails | 1 2 3 5 6 7 8 9 |  9.3
Dodging        | 3 4 |  4.0
Throwing       | 4 6 |  6.8
Invocations    | 2 5 6 |  6.1
Short Blades   | |  0.8
Stealth        | |  0.6
Evocations     | |  2.4

Action                   |  1- 3 |  4- 6 |  7- 9 | 10-12 || total
-------------------------+-------+-------+-------+-------++-------
Melee: Short sword       |     9 |       |       |       ||     9
       Club              |   124 |    89 |       |       ||   213
       Whip              |       |    30 |       |       ||    30
       Flail             |       |   114 |   313 |   204 ||   631
       Headbutt          |       |     2 |    54 |    34 ||    90
Throw: Large rock        |       |       |     3 |    31 ||    34
Invok: Divine Shield     |       |       |       |     6 ||     6
Evoke: Wand              |    11 |    28 |     9 |    12 ||    60
  Use: Scroll            |     4 |    12 |     5 |     9 ||    30
       Potion            |       |     4 |       |     8 ||    12
 Stab: Sleeping          |       |     3 |       |       ||     3
       Paralysed         |       |     6 |       |       ||     6
  Eat: Chunk             |     3 |    10 |     3 |     5 ||    21
       Ration            |       |     1 |     3 |     2 ||     6
Armor: Robe              |    44 |    48 |   107 |    61 ||   260
Dodge: Dodged            |    88 |   123 |   206 |   172 ||   589
Block: Other             |       |    29 |       |    27 ||    56

Table legend:
 A = Spawn XP
 B = Non-spawn XP
 C = Spawn XP percentage of total XP
 D = Spawn monster count
 E = Non-spawn monster count
 F = Spawn count percentage of total count
 G = Total turns spent on level
                    A         B        C        D         E        F      G
               +---------+---------+-------+---------+---------+-------+---------
         Total |       0 |   12676 |   0.0 |       0 |     246 |   0.0 | 13716
               +---------+---------+-------+---------+---------+-------+---------
           D:1 |       0 |      50 |   0.0 |       0 |      26 |   0.0 |  1371
           D:2 |       0 |      97 |   0.0 |       0 |      27 |   0.0 |  1449
           D:3 |       0 |      20 |   0.0 |       0 |       7 |   0.0 |   721
           D:4 |       0 |     253 |   0.0 |       0 |      13 |   0.0 |  1327
           D:5 |       0 |     841 |   0.0 |       0 |      12 |   0.0 |  1739
           D:6 |       0 |     933 |   0.0 |       0 |      27 |   0.0 |  1375
           D:7 |       0 |    1128 |   0.0 |       0 |      16 |   0.0 |   653
           D:8 |       0 |    2355 |   0.0 |       0 |      33 |   0.0 |  1932
           D:9 |       0 |    4781 |   0.0 |       0 |      36 |   0.0 |  1721
          D:10 |       0 |    1846 |   0.0 |       0 |      13 |   0.0 |   748
       Ossuary |       0 |     372 |   0.0 |       0 |      36 |   0.0 |   528
               +---------+---------+-------+---------+---------+-------+---------
